 Dungeon Crawl Stone Soup version 0.30-a0-174-gbc10bd73c2 (webtiles) character file.

Game seed: 439459733474623432

36 qw the Chopper (level 3, -2/23 HPs)
             Began as a Gargoyle Fighter on Oct 1, 2022.
             Slain by a gnoll
             ... wielding a +0 flail
              (4 damage)
             ... on level 2 of the Dungeon.
             The game lasted 00:00:26 (990 turns).

qw the Chopper (Gargoyle Fighter)                    Turns: 990, Time: 00:00:26

Health: -2/23      AC: 11    Str: 21    XL:     3   Next: 37%
Magic:  0/3        EV:  9    Int:  8    God:
Gold:   40         SH:  4    Dex:  9    Spells: 2/2 levels left

rFire   . . .      SeeInvis .    Y - +0 war axe
rCold   . . .      Faith    .    c - +0 buckler
rNeg    + . .      Spirit   +    b - +0 scale mail
rPois   inf        Reflect  .    (no helmet)
rElec   +          Harm     .    (no cloak)
rCorr   .          Rampage  .    k - +0 pair of gloves
Will    .....                    (no boots)
Stlth   ..........               n - amulet of guardian spirit
HPRegen 0.23/turn                (no ring)
MPRegen 0.08/turn                (no ring)

@: no status effects
A: sickness immunity, AC +3, negative energy resistance 1, electricity
resistance, torment resistance 1, petrification resistance
a: no special abilities


You were on level 2 of the Dungeon.
You visited 1 branch of the dungeon, and saw 2 of its levels.

You collected 40 gold pieces.


Innate Abilities, Weirdness & Mutations

You are immune to sickness and miasma.
Your stone body is resilient. (AC +3)
You are immune to poison.
You resist negative energy. (rN+)
You are resistant to electric shocks. (rElec)
You are resistant to unholy torment.
You are immune to petrification.


   Skills:
 - Level 3.2 Fighting
 + Level 3.3 Axes
 - Level 3.2 Armour
 - Level 3.2 Shields


You had 2 spell levels left.
You didn't know any spells.
Your spell library was empty.

Inventory:

Hand Weapons
 i - a +0 club
 Y - a +0 war axe (weapon)
Armour
 b - a +0 scale mail (worn)
 c - a +0 buckler (worn)
 k - a +0 pair of gloves (worn)
Jewellery
 n - an amulet of guardian spirit (around neck)
Potions
 d - a potion of might
 f - a potion of attraction {unknown}
 g - a potion of lignification {unknown}
 j - a potion of invisibility {unknown}
 l - a potion of resistance {unknown}

Dungeon Overview and Level Annotations

Branches:
Dungeon (2/15)

Altars:


Message History

You kill the endoplasm!
Found a book of Necromancy.
A hobgoblin comes into view.
The hobgoblin shouts!
A gnoll comes into view. It is wielding a +0 spear.
969 ||| Stepping ~*~*~tactically~*~*~ (stealth).
You slash the hobgoblin!
You kill the hobgoblin!
The gnoll shouts!
A gnoll comes into view. It is wielding a +0 flail.
981 ||| Stepping ~*~*~tactically~*~*~ (stealth).
The gnoll shouts!
The gnoll hits you from afar with a +0 spear.
The gnoll closely misses you.
A gnoll comes into view. It is wielding a +0 flail.
You closely miss the gnoll. The gnoll hits you but does no damage.
The gnoll hits you with a +0 spear.
You slash the gnoll!
The gnoll is heavily wounded.
You hit the gnoll. The gnoll hits you but does no damage.
A worm comes into view.
You hit the gnoll but do no damage.
The gnoll is heavily wounded.
You hit the gnoll but do no damage.
The gnoll hits you from afar with a +0 spear.
The gnoll barely misses you.
You hit the gnoll.
You kill the gnoll!
You closely miss the gnoll. The gnoll hits you but does no damage.
The gnoll closely misses you.
The gnoll hits you from afar with a +0 spear.
You hit the gnoll but do no damage. The gnoll hits you but does no damage.
The gnoll hits you with a +0 flail.
You hit the gnoll but do no damage. The gnoll hits you but does no damage.
The gnoll hits you with a +0 flail!
You slash the gnoll!
The gnoll is severely wounded.
The gnoll hits you but does no damage. x2; The gnoll hits you with a +0 flail.
You die...

#.##.....#
#.#####..#
#.#####..#
#.<......# #+#
########.# #.#
#.# #.# #.# ##.##
#.# ##.g.##.###
#.# #..@.gw....
#.######.###..##.
#........# .#
########.# ##..
###


You could see a worm and 2 gnolls.

Vanquished Creatures
  A gnoll (D:2)
  4 endoplasms
  2 goblins (D:1)
  3 hobgoblins
  4 ball pythons (D:1)
  2 bats (D:1)
  3 frilled lizards (D:1)
  A kobold (D:1)
  7 rats (D:1)
27 creatures vanquished.

Notes
Turn   | Place    | Note
-------+----------+-------------------------------------------
     0 | D:1      | qw the Gargoyle Fighter began the quest for the Orb.
     0 | D:1      | Reached XP level 1. HP: 14/14 MP: 1/1
     0 | D:1      | 0 ||| qw: Version: 0.2-a-13-gfc7b4b4
     0 | D:1      | 0 ||| qw: Game counter: 1845
     0 | D:1      | 0 ||| qw: Always use a shield: true
     0 | D:1      | 0 ||| qw: God list: Okawaru
     0 | D:1      | 0 ||| qw: Allow faded altars: false
     0 | D:1      | 0 ||| qw: Do Orc after D:15 true
     0 | D:1      | 0 ||| qw: Do second Lair branch before Depths: true
     0 | D:1      | 0 ||| qw: Lair rune preference: random
     0 | D:1      | 0 ||| qw: Plans: Normal, Zot:1-4, God:TSO, Crypt, Tomb,
                  | Pan, Slime:5, Hells, Abyss, Orb
     0 | D:1      | 0 ||| PLANNING D:1-11
   218 | D:1      | Reached XP level 2. HP: 17/19 MP: 2/2
   451 | D:1      | 451 ||| Stepping ~*~*~tactically~*~*~ (stealth).
   453 | D:1      | 453 ||| Stepping ~*~*~tactically~*~*~ (stealth).
   564 | D:1      | Reached skill level 3 in Axes
   813 | D:1      | Reached XP level 3. HP: 23/23 MP: 3/3
   903 | D:1      | 903 ||| UPGRADING to +0 pair of gloves.
   908 | D:1      | 908 ||| UPGRADING to amulet of guardian spirit.
   913 | D:1      | 913 ||| READING scroll labelled WAOJIM YMOE.
   914 | D:1      | 914 ||| READING scroll labelled FERRIE OSUSOUMM.
   915 | D:1      | 915 ||| READING scroll labelled ZETIHAAJUF.
   969 | D:2      | 969 ||| Stepping ~*~*~tactically~*~*~ (stealth).
   981 | D:2      | 981 ||| Stepping ~*~*~tactically~*~*~ (stealth).
   989 | D:2      | HP: 2/23 [gnoll/+0 flail (6)]
   990 | D:2      | Slain by a gnoll

Levels and vault maps discovered:
D:1:      dpeg_arrival_ternary, layout_basic, serial_corexii_hall,
          chequers_hall_statues_y, corexii_hall_statues_i,
          hangedman_abyss_or_decor_lesser_grid
D:2:      layout_loops_corners

Skill      XL: |  1  2 |
---------------+-------+-----
Axes           | 2 3 |  3.3
Fighting       | |  3.2
Armour         | |  3.2
Shields        | |  3.2

Action                   || total
-------------------------++-------
Melee: War axe           ||    77
  Use: Scroll            ||     3
Armor: Scale mail        ||    58
Dodge: Dodged            ||    27
Block: Buckler           ||    16

Table legend:
 A = Non-vault XP
 B = Vault XP
 C = Vault XP percentage of total XP
 D = Non-vault monster count
 E = Vault monster count
 F = Vault count percentage of total count
                 A         B        C        D         E       F
            +---------+---------+-------+---------+---------+-------
      Total |      52 |       0 |   0.0 |      27 |       0 |   0.0
            +---------+---------+-------+---------+---------+-------
        D:1 |      34 |       0 |   0.0 |      24 |       0 |   0.0
        D:2 |      18 |       0 |   0.0 |       3 |       0 |   0.0
            +---------+---------+-------+---------+---------+-------
